 Dungeon Crawl Stone Soup version 0.22-a0-271-gc000056 (webtiles) character file.

6888 RoseArtemis the Cleaver (level 10, -3/141 HPs)
             Began as a Minotaur Fighter on Mar 10, 2018.
             Was a Believer of Trog.
             Slain by a killer bee (6 damage)
             ... on level 9 of the Dungeon.
             The game lasted 00:17:39 (10014 turns).

RoseArtemis the Cleaver (Minotaur Fighter)         Turns: 10014, Time: 00:17:39

Health: -3/141     AC: 17    Str: 26    XL:     10   Next: 79%
Magic:  9/9        EV:  5    Int:  5    God:    Trog [**....]
Gold:   411        SH: 10    Dex: 13    Spells: 9/9 levels left

rFire    . . .     SeeInvis .   a - +0 war axe
rCold    . . .     Gourm    .   c - +0 shield
rNeg     . . .     Faith    .   s - +0 plate armour
rPois    .         Spirit   .   (helmet restricted)
rElec    .         Reflect  .   (no cloak)
rCorr    .         Harm     .   y - +0 pair of gloves
MR       .....                  p - +0 pair of boots
Stlth    ..........             u - amulet of magic regeneration
HPRegen  0.33/turn              (no ring)
MPRegen  0.36/turn              (no ring)

@: berserking, lethally poisoned (-3 -> -20), slowed
A: retaliatory headbutt, horns 2
a: Berserk, Trog's Hand, Renounce Religion


You were on level 9 of the Dungeon.
You worshipped Trog.
Trog was pleased with you.
You were hungry.

You visited 2 branches of the dungeon, and saw 10 of its levels.

You collected 483 gold pieces.
You spent 72 gold pieces at shops.

Inventory:

Hand Weapons
 a - a +0 war axe (weapon)
Armour
 c - a +0 shield (worn)
 p - a +0 pair of boots (worn)
 s - a +0 plate armour (worn)
 y - a +0 pair of gloves (worn)
Jewellery
 u - an amulet of magic regeneration (around neck)
 x - an uncursed ring of magical power
Wands
 r - a wand of polymorph (17)
 w - a wand of acid (10)
 A - a wand of enslavement (13)
Scrolls
 d - a scroll of vulnerability {unknown}
 g - 2 scrolls of teleportation
 j - 2 scrolls of fear
 m - a scroll of remove curse
 o - a scroll of enchant weapon {unknown}
 q - a scroll of random uselessness {unknown}
 t - a scroll of magic mapping {unknown}
 v - a scroll of acquirement {unknown}
 B - a scroll of identify
Potions
 e - a potion of curing
 h - a potion of berserk rage
 i - a potion of haste
 k - 2 potions of heal wounds
 n - a potion of cancellation
Comestibles
 f - 9 rations


   Skills:
 + Level 10.5 Fighting
 * Level 13.6 Axes
 + Level 10.5 Armour
 - Level 3.6 Shields


You had 9 spell levels left.
You didn't know any spells.

Dungeon Overview and Level Annotations

Branches:
Dungeon (9/15)             Temple (1/1) D:5
   Lair: D:8-11         Orc: D:9-12

Altars:
Ashenzari
Cheibriados
Dithmenos
Elyvilon
Fedhas
Hepliaklqana
Kikubaaqudgha
Makhleb
Nemelex Xobeh
Qazlal
Ru
Sif Muna
Trog
Uskayaw
Vehumet
Xom
Yredelemnul
Zin
The Shining One

Shops:
D:5 %   D:7 }?*[


Innate Abilities, Weirdness & Mutations

You reflexively headbutt those who attack you in melee.
You have a pair of horns on your head.


Message History

You hear a shout! x2
Your shield and plate armour prevent you from hitting the killer bee.
Your headbutt misses the killer bee.
The killer bee is almost dead.
You miss the killer bee. You slash the killer bee!
You kill the killer bee!
Trog accepts your kill.
You hit the killer bee. You closely miss the hornet.
* * * LOW HITPOINT WARNING * * *
You feel sick. You block the hornet's attack.
You block the killer bee's attack.
The killer bee stings you but does no damage.
The killer bee stings you.
* * * LOW HITPOINT WARNING * * *
You are more poisoned.
The killer bee poisons you! The hornet stings you.
* * * LOW HITPOINT WARNING * * *
You feel as though you will be slow longer.
The killer bee stings you.
You die...

............. #
...........## ##.
...........#. ..#
...........#. ...
#####.......'.
.###'######...#.......##
.......s......#.........
...[..yyy.....#+########
.....Zy@y...............
.....y##########........
....h #........ ....
#........ ... #........
.. #######........ .
...............
...............
##########......


You could see a hornet, a scorpion, a howler monkey, 5 killer bees and a
bullfrog zombie.

Vanquished Creatures
  3 two-headed ogres (D:9)
  The ghost of RoseArtemis the Basher, a novice MiFi of Trog (D:7)
  Joseph (D:7)
  A hornet (D:8)
  A hippogriff (D:7)
  Edmund (D:5)
  Duvessa (D:5)
  A water moccasin (D:7)
  A sky beast (D:9)
  A hornet zombie (D:8)
  4 ice beasts
  2 orc warriors
  A phantom (D:5)
  2 centaurs
  4 ogres
  2 big kobolds (D:7)
  4 bullfrogs
  A wyvern zombie (D:9)
  4 scorpions
  Dowan (D:5)
  A killer bee (D:9)
  4 wights (D:8)
  A howler monkey (D:9)
  4 crimson imps
  2 bullfrog skeletons
  6 orc priests
  2 hounds (D:5)
  4 iguanas
  6 orc wizards
  6 worker ants
  A killer bee zombie (D:8)
  A mummy (D:6)
  2 worker ant zombies
  9 adders
  A shadow imp (D:7)
  2 oozes (D:5)
  An adder skeleton (D:5)
  An adder zombie (D:8)
  2 worms
  3 dart slugs
  6 leopard geckos
  24 orcs
  2 ball pythons (D:3)
  4 giant cockroaches
  13 goblins
  5 hobgoblins
  6 jackals (D:5)
  22 kobolds
  10 bats
  4 frilled lizards
  A jackal skeleton (D:8)
  A leopard gecko zombie (D:5)
  9 rats
203 creatures vanquished.

Notes
Turn   | Place    | Note
-------+----------+-------------------------------------------
     0 | D:1      | RoseArtemis the Minotaur Fighter began the quest for the Orb.
     0 | D:1      | Reached XP level 1. HP: 19/19 MP: 0/0
   154 | D:1      | Reached XP level 2. HP: 27/27 MP: 1/1
   157 | D:1      | Reached skill level 3 in Axes
   677 | D:1      | Reached XP level 3. HP: 33/33 MP: 2/2
  1312 | D:2      | Reached skill level 4 in Axes
  1322 | D:2      | Found a faded altar of an unknown god.
  1820 | D:3      | Reached XP level 4. HP: 40/40 MP: 3/3
  2394 | D:3      | Reached XP level 5. HP: 7/47 MP: 4/4
  2790 | D:3      | Reached skill level 5 in Axes
  3326 | D:3      | Reached skill level 5 in Fighting
  3326 | D:3      | Reached skill level 5 in Armour
  3403 | D:3      | Reached XP level 6. HP: 56/56 MP: 5/5
  3655 | D:4      | Reached skill level 6 in Axes
  3865 | D:4      | Found a deep blue altar of Sif Muna.
  4347 | D:4      | Reached XP level 7. HP: 56/62 MP: 6/6
  4437 | D:5      | Entered Level 5 of the Dungeon
  4486 | D:5      | Reached skill level 7 in Axes
  4538 | D:5      | Noticed Edmund
  4548 | D:5      | Killed Edmund
  4705 | D:5      | Found a white marble altar of Elyvilon.
  4849 | D:5      | Noticed Dowan
  4865 | D:5      | Killed Dowan
  4876 | D:5      | Found a staircase to the Ecumenical Temple.
  4922 | D:5      | Reached skill level 8 in Axes
  4924 | Temple   | Entered the Ecumenical Temple
  4990 | Temple   | Became a worshipper of Trog the Wrathful
  5008 | D:5      | Found Ykoif's Food Shoppe.
  5225 | D:5      | Noticed Duvessa
  5236 | D:5      | Killed Duvessa
  5236 | D:5      | Reached XP level 8. HP: 20/71 MP: 7/7
  5789 | D:6      | Found a snail-covered altar of Cheibriados.
  6463 | D:7      | Noticed a hippogriff
  6469 | D:7      | Reached skill level 9 in Axes
  6476 | D:7      | Killed a hippogriff
  6708 | D:7      | Noticed Joseph
  6720 | D:7      | Killed Joseph
  6720 | D:7      | Reached skill level 10 in Axes
  6720 | D:7      | Reached XP level 9. HP: 73/81 MP: 8/8
  6774 | D:7      | Found Zirro's Gadget Boutique.
  6837 | D:7      | Found Meluc's Magic Scroll Boutique.
  6838 | D:7      | Found a shimmering altar of Xom.
  6995 | D:7      | Bought a scroll of identify for 24 gold pieces
  6995 | D:7      | Bought a scroll of identify for 24 gold pieces
  6995 | D:7      | Bought a scroll of identify for 24 gold pieces
  7001 | D:7      | Found Siac's Armour Boutique.
  7072 | D:7      | Found Gitorof's General Store.
  7371 | D:7      | Reached * piety under Trog
  7416 | D:7      | Noticed RoseArtemis's ghost (novice MiFi)
  7427 | D:7      | Killed RoseArtemis's ghost
  7427 | D:7      | Reached skill level 11 in Axes
  8037 | D:8      | Reached skill level 12 in Axes
  8225 | D:8      | Reached XP level 10. HP: 84/91 MP: 9/9
  8305 | D:8      | Reached ** piety under Trog
  8963 | D:8      | Found a shadowy altar of Dithmenos.
  9267 | D:9      | Noticed a two-headed ogre
  9276 | D:9      | Killed a two-headed ogre
  9399 | D:9      | Noticed a two-headed ogre
  9400 | D:9      | Found a shattered altar of Ashenzari.
  9410 | D:9      | Killed a two-headed ogre
  9410 | D:9      | Reached skill level 10 in Fighting
  9410 | D:9      | Reached skill level 13 in Axes
  9410 | D:9      | Reached skill level 10 in Armour
  9887 | D:9      | Found a sacrificial altar of Ru.
  9905 | D:9      | Noticed a two-headed ogre
  9914 | D:9      | Killed a two-headed ogre
 10008 | D:9      | Paralysed by a hornet for 1 turns
 10014 | D:9      | HP: 7/141 [poisoned by a killer bee]
 10014 | D:9      | HP: 3/141 [hornet (2)]
 10014 | D:9      | Slain by a killer bee

Vault maps used:
D:1:      dpeg_arrival_pits
D:2:      chequers_ecumenical_altar_simple, minmay_surrounded
D:3:      grunt_decor_cap
D:4:      led_sif_book
D:5:      lemuel_round_altar, minmay_temple_entry_trees, serial_glass,
          glass_columns_c, glass_columns_c, serial_shops, shop, first_ration,
          serial_bayou_crossing, uniq_duvessa, uniq_edmund
D:6:      slow_altar_1
D:7:      xom_butterflies, serial_shops, kennysheep_little_box, shop, shop,
          shop, uniq_joseph
D:8:      nicolae_overflow_hidden_temple
D:9:      kennysheep_mini_moat, gammafunk_temple_overflow_claw,
          cheibrodos_ashenzari_chains
Temple:   nicolae_temple_x_marks_the_god

Skill      XL: |  1  2  3  4  5  6  7  8  9 10 |
---------------+-------------------------------+-----
Axes           | 3 4 5 6 8 10 12 13 | 13.6
Fighting       | 4 5 6 8 9 10 | 10.5
Armour         | 4 5 6 8 9 10 | 10.5
Shields        | |  3.6

Action                   |  1- 3 |  4- 6 |  7- 9 | 10-12 || total
-------------------------+-------+-------+-------+-------++-------
Melee: War axe           |   104 |   151 |   270 |   116 ||   641
       Headbutt          |    15 |    26 |    64 |    20 ||   125
Invok: Berserk           |       |       |     1 |     2 ||     3
  Use: Potion            |       |     3 |     2 |     2 ||     7
       Scroll            |       |     6 |     7 |     2 ||    15
  Eat: Chunk             |     2 |     6 |    12 |     1 ||    21
       Ration            |       |     1 |       |     2 ||     3
Armor: Scale mail        |    49 |    77 |    53 |       ||   179
       Plate armour      |       |       |    65 |    83 ||   148
Dodge: Dodged            |    29 |    31 |    41 |    35 ||   136
Block: Shield            |    50 |    84 |   106 |    63 ||   303

Table legend:
 A = Spawn XP
 B = Non-spawn XP
 C = Spawn XP percentage of total XP
 D = Spawn monster count
 E = Non-spawn monster count
 F = Spawn count percentage of total count
 G = Total turns spent on level
                    A         B        C        D         E        F      G
               +---------+---------+-------+---------+---------+-------+---------
         Total |       0 |    9840 |   0.0 |       0 |     203 |   0.0 | 10014
               +---------+---------+-------+---------+---------+-------+---------
           D:1 |       0 |      42 |   0.0 |       0 |      28 |   0.0 |   815
           D:2 |       0 |      79 |   0.0 |       0 |      18 |   0.0 |  1360
           D:3 |       0 |     286 |   0.0 |       0 |      34 |   0.0 |  1390
           D:4 |       0 |     347 |   0.0 |       0 |      10 |   0.0 |   890
           D:5 |       0 |     836 |   0.0 |       0 |      27 |   0.0 |  1208
           D:6 |       0 |     259 |   0.0 |       0 |       5 |   0.0 |   699
           D:7 |       0 |    2673 |   0.0 |       0 |      38 |   0.0 |  1314
           D:8 |       0 |    1912 |   0.0 |       0 |      31 |   0.0 |  1496
           D:9 |       0 |    3406 |   0.0 |       0 |      12 |   0.0 |   765
               +---------+---------+-------+---------+---------+-------+---------
